 Dungeon Crawl Stone Soup version 0.21-a0-528-gf531e82 (webtiles) character file.

331 slep the Chopper (level 6, -5/47 HPs)
             Began as a Demonspawn Gladiator on Dec 9, 2017.
             Slain by Natasha (9 damage)
             ... on level 4 of the Dungeon.
             The game lasted 00:07:14 (2507 turns).

slep the Chopper (Demonspawn Gladiator)             Turns: 2507, Time: 00:07:14

Health: -5/47      AC: 12    Str: 15    XL:     6   Next: 26%
Magic:  6/6        EV: 13    Int:  9    God:
Gold:   119        SH:  0    Dex: 16    Spells: 5/5 levels left

rFire    + . .     SeeInvis .   a - +0 war axe
rCold    + . .     Gourm    .   (no shield)
rNeg     . . .     Faith    .   b - +0 leather armour
rPois    .         Spirit   .   r - +2 helmet
rElec    .         Reflect  .   o - scarf {rC+ rF+}
rCorr    .         Harm     .   (no gloves)
MR       .....                  (no boots)
Stlth    +.........             (no amulet)
HPRegen  0.15/turn              (no ring)
MPRegen  0.10/turn              (no ring)

@: sanguine armour
A: talons 2, sanguine armour 1
a: no special abilities


You were on level 4 of the Dungeon.
You were not hungry.

You visited 1 branch of the dungeon, and saw 4 of its levels.

You collected 119 gold pieces.

Inventory:

Hand Weapons
 a - a +0 war axe (weapon)
Missiles
 d - 3 throwing nets (quivered)
Armour
 b - a +0 leather armour (worn)
 c - a +0 helmet
 o - a scarf of resistance (worn)
 r - a +2 helmet (worn)
Scrolls
 e - a scroll of blinking {unknown}
 i - a scroll of magic mapping {unknown}
 k - 2 scrolls of enchant weapon {unknown}
 l - a scroll of fear {unknown}
 m - 3 scrolls of teleportation {unknown}
 q - a scroll of identify {unknown}
Potions
 g - a potion of might {unknown}
 h - a potion of curing
 j - a potion of resistance {unknown}
 n - a potion of mutation {unknown}
 s - a potion of degeneration {unknown}
 u - a potion of invisibility {unknown}
Comestibles
 f - 2 bread rations
 p - 4 fruits
 t - 2 chunks of flesh


   Skills:
 + Level 3.2 Fighting
 + Level 4.9 Axes
 + Level 1.8 Throwing
 + Level 1.9 Armour
 + Level 3.5 Dodging
 + Level 0.2 Stealth


You had 5 spell levels left.
You didn't know any spells.

Dungeon Overview and Level Annotations

Branches:
Dungeon (4/15)
 Temple: D:4-7

Altars:

Annotations:
D:4 Natasha


Innate Abilities, Weirdness & Mutations

You have razor-sharp toenails.
When seriously injured, your bleeding wounds create armour. (AC +6)


Message History

You see here a giant club.
u - a golden potion Natasha, Servant of Life and Death comes into view.
Natasha hisses angrily.
You start resting.
Natasha howls an incantation.
You feel troubled.
You hit Natasha.
Natasha is moderately wounded.
Natasha claws you.
* * * LOW HITPOINT WARNING * * *
Natasha barely misses you.
You closely miss Natasha. Your kick misses Natasha.
Natasha is moderately wounded.
Natasha claws you.
* * * LOW HITPOINT WARNING * * *
You closely miss Natasha. You claw Natasha, but do no damage.
Natasha is moderately wounded.
Natasha claws you!
You die...

.. ... ....
#####....
#.......#
###........
#...h......
#.@...#
#.#.......
#.#.###...
#.#.# .. #.#.#
..# # #.#.#
..#.#
#.#.###..#.##..
#.#...........#
#.............


You could see Natasha.

Vanquished Creatures
  An ogre (D:4)
  The ghost of stupendous the Shield-Bearer, an amateur FoFi (D:3)
  Robin (D:3)
  2 gnolls (D:1)
  3 adders
  An ooze (D:2)
  An adder skeleton (D:2)
  3 worms
  4 dart slugs
  A leopard gecko (D:3)
  2 orcs (D:3)
  5 bats
  A giant cockroach (D:2)
  17 goblins
  9 hobgoblins
  2 jackals (D:1)
  3 quokkas
  3 frilled lizards
  8 kobolds
  6 rats
74 creatures vanquished.

Notes
Turn   | Place    | Note
-------+----------+-------------------------------------------
     0 | D:1      | slep the Demonspawn Gladiator began the quest for the Orb.
     0 | D:1      | Reached XP level 1. HP: 16/16 MP: 1/1
   216 | D:1      | Gained mutation: When seriously injured, your bleeding wounds create armour. (AC +6) [demonic ancestry]
   216 | D:1      | Reached XP level 2. HP: 11/22 MP: 2/2
   254 | D:1      | Reached skill level 3 in Axes
   281 | D:1      | Gained mutation: You have sharp toenails. [demonic ancestry]
   281 | D:1      | Reached XP level 3. HP: 14/27 MP: 3/3
   646 | D:1      | You fall through a shaft!
   846 | D:2      | Gained mutation: You have razor-sharp toenails. [demonic ancestry]
   846 | D:2      | Reached XP level 4. HP: 34/34 MP: 4/4
  1237 | D:2      | Reached skill level 4 in Axes
  1690 | D:3      | Noticed stupendous's ghost (amateur FoFi)
  1708 | D:3      | Noticed Robin
  1724 | D:3      | Killed Robin
  1724 | D:3      | Reached skill level 1 in Armour
  1823 | D:3      | Reached XP level 5. HP: 22/39 MP: 5/5
  1909 | D:3      | Killed stupendous's ghost
  2479 | D:4      | Noticed an ogre
  2487 | D:4      | Killed an ogre
  2487 | D:4      | Reached XP level 6. HP: 9/47 MP: 6/6
  2501 | D:4      | Noticed Natasha
  2507 | D:4      | Slain by Natasha

Vault maps used:
D:1:      tarquinn_simple_flora_water_a
D:3:      grunt_ministairs_14, uniq_robin
D:4:      serial_shops, shop, first_bread, uniq_menkaure, uniq_natasha

Skill      XL: |  1  2  3  4  5 |
---------------+----------------+-----
Dodging        | 3 |  3.5
Axes           | 3 4 |  4.9
Armour         | 1 |  1.9
Fighting       | 3 |  3.2
Throwing       | |  1.8
Stealth        | |  0.2

Action                   |  1- 3 |  4- 6 || total
-------------------------+-------+-------++-------
Melee: War axe           |    74 |    89 ||   163
       Kick              |    13 |    25 ||    38
  Use: Potion            |       |     2 ||     2
 Stab: Sleeping          |       |     1 ||     1
  Eat: Chunk             |       |     5 ||     5
Armor: Leather armour    |    29 |    26 ||    55
Dodge: Dodged            |    66 |    69 ||   135

Table legend:
 A = Spawn XP
 B = Non-spawn XP
 C = Spawn XP percentage of total XP
 D = Spawn monster count
 E = Non-spawn monster count
 F = Spawn count percentage of total count
 G = Total turns spent on level
                    A         B        C        D         E        F      G
               +---------+---------+-------+---------+---------+-------+---------
         Total |       0 |     474 |   0.0 |       0 |      74 |   0.0 |  2507
               +---------+---------+-------+---------+---------+-------+---------
           D:1 |       0 |      63 |   0.0 |       0 |      19 |   0.0 |   835
           D:2 |       0 |      80 |   0.0 |       0 |      23 |   0.0 |   834
           D:3 |       0 |     206 |   0.0 |       0 |      31 |   0.0 |   809
           D:4 |       0 |     125 |   0.0 |       0 |       1 |   0.0 |    29
               +---------+---------+-------+---------+---------+-------+---------
